 Dungeon Crawl Stone Soup version 0.27-a0-1219-g958d993ae5 (webtiles) character file.

Game seed: 16041031532607475191

129 bande the Shield-Bearer (level 5, 0/33 HPs)
             Began as a Gargoyle Fighter on June 7, 2021.
             Killed by divine providence
             ... invoked by an orc priest
              (11 damage)
             ... on level 3 of the Dungeon.
             The game lasted 00:03:14 (3070 turns).

bande the Shield-Bearer (Gargoyle Fighter)          Turns: 3070, Time: 00:03:15

Health: 0/33       AC: 11    Str: 19    XL:     5   Next: 12%
Magic:  5/5        EV:  7    Int:  9    God:
Gold:   111        SH:  9    Dex: 10    Spells: 4/4 levels left

rFire    . . .     SeeInvis .   a - +0 war axe
rCold    . . .     Faith    .   c - +0 kite shield
rNeg     + . .     Spirit   .   b - +0 scale mail
rPois    ∞         Reflect  .   (no helmet)
rElec    +         Harm     .   (no cloak)
rCorr    .         Rampage  .   (no gloves)
Will     .....                  (no boots)
Stlth    ..........             (no amulet)
HPRegen  0.11/turn              (no ring)
MPRegen  0.09/turn              (no ring)

@: no status effects
A: sickness immunity, AC +4, negative energy resistance 1, electricity
resistance, torment resistance 1, petrification resistance
a: no special abilities


You were on level 3 of the Dungeon.
You visited 1 branch of the dungeon, and saw 4 of its levels.

You collected 111 gold pieces.

Inventory:

Hand Weapons
 a - a +0 war axe (weapon)
Armour
 b - a +0 scale mail (worn)
 c - a +0 kite shield (worn)
Scrolls
 h - 3 scrolls of fog
 l - 2 scrolls of magic mapping
Potions
 d - a potion of might
 e - a potion of heal wounds
 f - a potion of lignification {unknown}
 g - a potion of curing {unknown}
 i - a potion of mutation {unknown}
 k - a potion of degeneration {unknown}


   Skills:
 + Level 3.9 Fighting
 + Level 3.1 Axes
 + Level 3.8 Armour
 + Level 0.6 Dodging
 + Level 4.2 Shields


You had 4 spell levels left.
You didn't know any spells.
Your spell library contained the following spells:

 Spells                   Type           Power      Damage    Failure   Level
 Magic Dart               Conj           0%         1d3       99%         1
 Blink                    Tloc           N/A        N/A       100%        2
 Call Imp                 Summ           0%         N/A       100%        2
 Slow                     Hex            0%         N/A       100%        2
 Conjure Flame            Conj/Fire      0%         6-21      100%        3
 Mephitic Cloud           Conj/Pois/Air  0%         N/A       100%        3


Dungeon Overview and Level Annotations

Branches:
Dungeon (4/15)
 Temple: D:4-7

Altars:


Innate Abilities, Weirdness & Mutations

You are immune to sickness and miasma.
Your stone body is resilient. (AC +4)
You are immune to poison.
You resist negative energy. (rN+)
You are resistant to electric shocks. (rElec)
You are resistant to unholy torment.
You are immune to petrification.


Message History

You block the orc's attack. The orc hits you but does no damage.
The orc priest invokes the aid of Beogh against you.
Beogh smites you!
You climb upwards.
There is a stone staircase leading down here.
You completely miss the orc priest. You closely miss the orc.
Your shield and scale mail prevent you from hitting the orc.
You block the orc's attack. The orc barely misses you.
The orc priest barely misses you. The orc hits you but does no damage.
You barely miss the orc priest. You hit the orc but do no damage.
You hit the orc.
The orc priest hits you with a +0 hand axe.
The orc hits you but does no damage. You block the orc's attack.
The orc priest hits you with a +0 hand axe.
The orc hits you but does no damage.
You are too injured to fight recklessly!
You are too injured to fight recklessly!
You are too injured to fight recklessly!
You are too injured to fight recklessly!
You are too injured to fight recklessly!
You are too injured to fight recklessly!
You are too injured to fight recklessly!
Unknown command.
You closely miss the orc priest. You hit the orc. x2
You block the orc's attack. The orc hits you but does no damage.
The orc priest hits you but does no damage.
The orc hits you but does no damage. The orc barely misses you.
The orc priest hits you with a +0 hand axe.
You hit the orc priest but do no damage.
You slash the orc!
You kill the orc!
You slash the orc!
You kill the orc!
The orc priest closely misses you.
Unknown command.
You barely miss the orc priest.
The orc priest hits you but does no damage.
The orc priest calls down the wrath of Beogh upon you.
Beogh smites you!
You die...

#.#.......#.# #.#....##.#.#
#.#....##.#.#
#.#<...##.#.########
#.##)..##.#.##[....#
#.).........##(....#
####.####.####.....#
############o####.####.....#
#............@)............###
##.#########))................
#.# #.####.#######..### #.#
#.# #.# ##.##
#.#########.####.## #..#
#.................# ##.##
###########.......# #..#
#.......# ##.# #.......# #..


You could see an orc priest.

Vanquished Creatures
  4 adders
  An adder skeleton (D:2)
  A worm (D:2)
  3 dart slugs
  6 orcs
  A ball python (D:1)
  7 endoplasms
  3 giant cockroaches
  7 goblins
  11 hobgoblins
  2 jackals (D:1)
  5 kobolds
  A quokka (D:1)
  6 bats
  3 frilled lizards
  8 rats
69 creatures vanquished.

Vanquished Creatures (collateral kills)
  A bat (D:3)
1 creature vanquished.

Grand Total: 70 creatures vanquished

Notes
Turn   | Place    | Note
-------+----------+-------------------------------------------
     0 | D:1      | bande the Gargoyle Fighter began the quest for the Orb.
     0 | D:1      | Reached XP level 1. HP: 14/14 MP: 1/1
   120 | D:1      | Reached XP level 2. HP: 19/19 MP: 2/2
   521 | D:1      | Reached XP level 3. HP: 21/23 MP: 3/3
  1087 | D:2      | Reached skill level 4 in Shields
  1179 | D:2      | Reached XP level 4. HP: 25/29 MP: 4/4
  2348 | D:3      | Reached XP level 5. HP: 33/33 MP: 5/5
  3070 | D:3      | Killed from afar by an orc priest

Illustrated notes

Levels and vault maps discovered:
D:1:      dpeg_arrival_water_temple_mockup, layout_basic
D:2:      layout_loops_ring
D:3:      layout_basic, minmay_misc_feat_rows
D:4:      layout_rooms

Skill      XL: |  1  2  3  4 |
---------------+-------------+-----
Axes           | 2 3 |  3.1
Shields        | 4 |  4.2
Fighting       | |  3.9
Armour         | |  3.8
Dodging        | |  0.6

Action                   |  1- 3 |  4- 6 || total
-------------------------+-------+-------++-------
Melee: War axe           |    93 |   110 ||   203
  Use: Scroll            |       |     7 ||     7
Armor: Scale mail        |    53 |    71 ||   124
Dodge: Dodged            |    26 |    45 ||    71
Block: Kite shield       |    63 |    51 ||   114

Table legend: (Time is in decaauts)
 A = Elapsed time spent in this place.
 B = Non-inter-level travel time spent in this place.
 C = Inter-level travel time spent in this place.
 D = Time resting spent in this place.
 E = Time spent auto-exploring this place.
 F = Levels seen in this place.
 G = Mean time per level.
                   A        B        C        D        E       F      G
               +--------+--------+--------+--------+--------+-----+--------+
         Total |   3193 |   3040 |    153 |    148 |   2311 |   4 |  798.2 |
       Dungeon |   3193 |   3040 |    153 |    148 |   2311 |   4 |  798.2 |
               +--------+--------+--------+--------+--------+-----+--------+

Top non-repeatable levels by time:
     D:3: 1142 daAuts
     D:2: 1026 daAuts
     D:1: 995 daAuts
     D:4: 29 daAuts
